 Dungeon Crawl Stone Soup version 0.29.1-13-g9f3cf754e1 (webtiles) character file.

Game seed: 9478773793561941635

1189 croobank the Conjurer (level 8, -2/44 (66) HPs)
             Began as a Demigod Conjurer on Jan 24, 2023.
             Slain by a gnoll sergeant
             ... wielding a +7 trident of protection
              (4 damage)
             ... on level 5 of the Dungeon.
             The game lasted 00:18:28 (9385 turns).

croobank the Conjurer (Demigod Conjurer)            Turns: 9385, Time: 00:18:29

HP:   -2/44 (66)    AC:  7    Str: 14    XL:     8   Next: 0%
MP:   6/16          EV: 13    Int: 28    God:
Gold: 324           SH:  0    Dex: 12    Spells: 7/13 levels left

rFire   . . .      SeeInvis .   b - +4 short sword
rCold   . . .      Faith    .   (no shield)
rNeg    . . .      Spirit   .   a - +0 robe
rPois   .          Reflect  .   (no helmet)
rElec   .          Harm     .   (no cloak)
rCorr   .          Rampage  .   n - +2 pair of gloves
Will    .....                   u - +1 pair of boots
Stlth   ++........              (no amulet)
HPRegen 0.14/turn               k - +6 ring of strength
MPRegen 0.15/turn               (no ring)

@: very heavily drained
A: high MP 1, forlorn, divine attributes
a: no special abilities


You were on level 5 of the Dungeon.
You visited 1 branch of the dungeon, and saw 6 of its levels.

You collected 324 gold pieces.

Inventory:

Hand Weapons
 b - a +4 short sword (weapon)
 s - a +1 hand axe of pain
 v - the +6 spear of Destiny {vorpal, rC- rN++ Dex+6}
   (You found it on level 4 of the Dungeon)

   It inflicts extra damage upon your enemies.
   Dex:       It affects your dexterity (+6).
   rC:        It makes you vulnerable to cold.
   rN:        It greatly protects you from negative energy.
Armour
 a - a +0 robe (worn)
 n - a +2 pair of gloves (worn)
 u - a +1 pair of boots (worn)
Jewellery
 k - a +6 ring of strength (left hand)
Wands
 t - a wand of polymorph (12)
 x - a wand of mindburst (18)
Scrolls
 f - a scroll of vulnerability
 g - 2 scrolls of noise
 h - 2 scrolls of amnesia
 q - a scroll of magic mapping
 y - a scroll of identify
Potions
 c - 5 potions of curing
 d - a potion of lignification
 e - 2 potions of flight
 i - a potion of berserk rage {unknown}
 j - a potion of haste {unknown}
 m - 2 potions of degeneration {unknown}
 o - a potion of attraction {unknown}
 p - a potion of might {unknown}
 r - a potion of brilliance {unknown}
 w - a potion of magic


   Skills:
 * Level 4.0 Fighting
 + Level 2.6 Short Blades
 + Level 3.7 Dodging
 + Level 3.9 Stealth
 + Level 3.4 Spellcasting
 + Level 4.9 Conjurations
 + Level 2.5 Hexes


You had 7 spell levels left.
You knew the following spells:

 Your Spells              Type           Power      Damage    Failure   Level
a - Magic Dart            Conj           100%       1d8       1%          1
b - Searing Ray           Conj           64%        2d6       1%          2
c - Dazzling Flash        Conj/Hex       50%        N/A       4%          3

Your spell library contained the following spells:

 Spells                   Type           Power      Damage    Failure   Level
 Fulminant Prism          Conj/Hex       12%        3d9       17%         4
 Iskenderun's Mystic Bla  Conj/Tloc      18%        2d6       28%         4
 Petrify                  Tmut/Erth      4%         N/A       61%         4
 Metabolic Englaciation   Hex/Ice        5%         N/A       78%         5
 Statue Form              Tmut/Erth      2%         N/A       100%        6


Dungeon Overview and Level Annotations

Branches:
Dungeon (6/15)             Temple (0/1) D:4

Shops:
D:3 (

Annotations:
D:5 3 runed translucent doors, cheesebisquit's ghost, novice MiHu
D:6 Dowan; Duvessa


Innate Abilities, Weirdness & Mutations

You have an increased reservoir of magic. (+10% MP)
You shall have no god before yourself.
Your divine heritage dramatically boosts your attributes as you level up.


Message History

The gnoll sergeant is lightly wounded.
The searing ray hits the gnoll.
The gnoll is severely wounded.
The gnoll sergeant hits you with a +7 trident of protection.
The searing ray hits the gnoll sergeant.
The gnoll sergeant is lightly wounded.
The searing ray hits the gnoll.
You kill the gnoll!
You finish channelling your searing ray.
The gnoll sergeant hits you with a +7 trident of protection!
* * * LOW HITPOINT WARNING * * *
Your Fighting skill increases to level 4!
You have reached level 8!
Casting: Searing Ray (safe; 1% risk of failure)
Confirm with . or Enter, or press ? or * to list all spells.
Aiming: Searing Ray (safe; 1% risk of failure)
Press: ? - help, Shift-Dir - straight line The searing ray hits the gnoll sergeant.
The gnoll sergeant is moderately wounded. (Press . to maintain the ray.)
The gnoll shouts!
The gnoll sergeant misses you.
The searing ray hits the gnoll sergeant.
The gnoll sergeant is heavily wounded.
The searing ray hits the gnoll!
The gnoll is heavily wounded.
The gnoll sergeant barely misses you.
The searing ray hits the gnoll sergeant.
The gnoll sergeant is severely wounded.
The searing ray hits the gnoll.
The gnoll is almost dead.
The gnoll sergeant hits you with a +7 trident of protection!
* * * LOW HITPOINT WARNING * * *
The searing ray hits the gnoll sergeant.
The gnoll sergeant is almost dead.
The searing ray hits the gnoll!
You kill the gnoll!
You finish channelling your searing ray.
The gnoll sergeant hits you with a +7 trident of protection.
You die...

..###.. ###...# #..
...)..o.. ###... ##..#
#..# ......... #....#
#..##..# (........ .$..#
# #.....# ##.#.....
...##.. #. #....##
#...####
...#?...#.##....#
...#(.=...#.....#
5Z[##.....#.....######.#
....#....W##....@g).....
ZZ..##....W#....#####...
###### #....###...#..(.#
#..... ##........##....#
#....( .###..... #.....#
##### ####.. ...#####
##....## §§§§§§ #..
#......###......## §§§§§§
#..
..##.........##..##§§§§§§
#..
#..##..###.#.###..#§§§§§§
#..


You could see a gnoll sergeant.

Vanquished Creatures
  Grinder (D:3)
  A black bear (D:5)
  An ogre (D:4)
  A phantom (D:5)
  3 scorpions
  2 orc priests
  3 hounds
  3 iguanas
  Ijyb (D:5)
  An orc wizard (D:4)
  Terence (D:3)
  5 gnolls
  11 adders
  6 worms
  3 dart slugs
  14 orcs
  7 endoplasms
  2 giant cockroaches
  4 goblins
  6 hobgoblins
  5 jackals (D:1)
  6 quokkas
  10 ball pythons
  9 bats
  3 frilled lizards
  9 kobolds
  4 rats
122 creatures vanquished.

Vanquished Creatures (others)
  2 plants (D:6)
2 creatures vanquished.

Grand Total: 124 creatures vanquished

Notes
Turn   | Place    | Note
-------+----------+-------------------------------------------
     0 | D:1      | croobank the Demigod Conjurer began the quest for the Orb.
     0 | D:1      | Reached XP level 1. HP: 14/14 MP: 5/5
   672 | D:1      | Reached XP level 2. HP: 20/20 MP: 1/7
  1153 | D:1      | Learned a level 2 spell: Searing Ray
  1803 | D:2      | Reached XP level 3. HP: 26/26 MP: 3/8
  3021 | D:2      | Reached XP level 4. HP: 34/34 MP: 4/10
  3479 | D:2      | Learned a level 3 spell: Dazzling Flash
  3547 | D:3      | Reached skill level 1 in Fighting
  4015 | D:3      | Reached XP level 5. HP: 40/40 MP: 2/11
  4087 | D:3      | Found a large runed translucent door.
  4089 | D:3      | Found a large runed translucent door.
  4242 | D:3      | Noticed Terence
  4249 | D:3      | Killed Terence
  4250 | D:3      | Reached skill level 1 in Short Blades
  4406 | D:3      | Noticed Grinder
  4415 | D:3      | Killed Grinder
  4416 | D:3      | Reached skill level 1 in Hexes
  4416 | D:3      | Reached XP level 6. HP: 12/50 MP: 2/13
  4751 | D:3      | Found Cosij's Weapon Shoppe.
  4931 | D:4      | You fall into a shaft and drop 2 floors!
  5105 | D:5      | Entered Level 5 of the Dungeon
  5119 | D:5      | Noticed cheesebisquit's ghost (novice MiHu)
  5505 | D:4      | Reached XP level 7. HP: 34/57 MP: 7/14
  5672 | D:4      | Identified the +6 mace "Dymymux" {flame, Dex+6}
  6256 | D:4      | Identified the +6 spear of Destiny {vorpal, rC- rN++ Dex+6}
  6370 | D:4      | Found a staircase to the Ecumenical Temple.
  8169 | D:5      | Found a runed translucent gate.
  8169 | D:5      | Found a runed translucent gate.
  8169 | D:5      | Found a runed translucent gate.
  8217 | D:5      | Noticed Ijyb
  8227 | D:5      | Killed Ijyb
  8450 | D:5      | Noticed Dowan
  8543 | D:5      | Noticed Duvessa
  8788 | D:6      | HP: 1/35 [Dowan/+0 dagger (3)]
  9382 | D:5      | Reached XP level 8. HP: 10/44 MP: 10/16
  9384 | D:5      | HP: 2/44 [gnoll sergeant/+7 trident of protection (9)]
  9385 | D:5      | Slain by a gnoll sergeant

Illustrated notes

Levels and vault maps discovered:
D:1:      dpeg_arrival_simpleton_c, layout_loops_corners, st_stairs_1
D:2:      minmay_recursive_quarters, layout_loops_corners,
          dreamdust_ecumenical_altar_grove, minmay_pentomino_s2
D:3:      layout_basic, jmf_multi_god_temple2, serial_shops, shop, uniq_terence,
          uniq_grinder
D:4:      layout_layer_cave, grunt_temple_overflow_opulence, tso_metal_star,
          mainiacjoe_overflow_boulevard, minmay_temple_entry_hall
D:5:      layout_rooms, amcnicky_altar_gilded, nicolae_qazlal_eye_of_the_storm,
          gammafunk_ghost_icy, uniq_duvessa, uniq_ijyb
D:6:      layout_loops_cross, nicolae_elyvilon_temple_path

Skill      XL: |  1  2  3  4  5  6  7 |
---------------+----------------------+-----
Stealth        | 2 3 |  3.9
Dodging        | 2 3 |  3.7
Spellcasting   | 2 3 |  3.4
Conjurations   | 4 |  4.9
Fighting       | 1 2 3 4 |  4.0
Short Blades   | 1 2 |  2.6
Hexes          | 1 2 |  2.5

Action                   |  1- 3 |  4- 6 |  7- 9 || total
-------------------------+-------+-------+-------++-------
Melee: Unarmed           |    11 |       |       ||    11
       Short sword       |    12 |    21 |    32 ||    65
       Punch             |     1 |       |       ||     1
 Cast: Magic Dart        |    67 |    31 |    24 ||   122
       Searing Ray       |    18 |    19 |    34 ||    71
       Dazzling Flash    |       |     1 |     7 ||     8
  Use: Potion            |     1 |       |     3 ||     4
       Scroll            |     4 |    11 |     2 ||    17
 Stab: Sleeping          |     1 |     4 |     3 ||     8
       Invisible         |       |       |     1 ||     1
Armor: Robe              |     9 |    12 |    26 ||    47
Dodge: Dodged            |    36 |    36 |    75 ||   147
